 Dungeon Crawl Stone Soup version 0.29-a0-243-g602b31c20e (webtiles) character file.

Game seed: 6484434767609101866

361 siradein the Skirmisher (level 6, -17/38 HPs)
             Began as a Vampire Fighter on Mar 4, 2022.
             Demolished by an ogre
             ... wielding a +0 giant club
              (18 damage)
             ... on level 5 of the Dungeon.
             The game lasted 00:08:27 (5064 turns).

siradein the Skirmisher (Vampire Fighter)           Turns: 5064, Time: 00:08:28

Health: -17/38     AC:  8    Str: 15    XL:     6   Next: 38%
Magic:  6/6        EV: 10    Int: 12    God:
Gold:   296        SH:  5    Dex: 14    Spells: 5/5 levels left

rFire   . . .      SeeInvis +   a - +0 long sword
rCold   + + .      Faith    .   c - +0 buckler
rNeg    + + +      Spirit   .   b - +0 scale mail
rPois   ∞          Reflect  .   (no helmet)
rElec   .          Harm     .   (no cloak)
rCorr   +          Rampage  .   e - +0 pair of gloves
Will    +....                   (no boots)
Stlth   ++........              (no amulet)
HPRegen 0.00/turn               l - ring of resist corrosion
MPRegen 0.10/turn               r - ring of willpower

@: bloodless, inhibited regen
A: bloodless, fangs 3, see invisible, vampiric 2
a: Bat Form, Revivify


You were on level 5 of the Dungeon.
You visited 2 branches of the dungeon, and saw 6 of its levels.

You collected 296 gold pieces.

Inventory:

Hand Weapons
 a - a +0 long sword (weapon)
Armour
 b - a +0 scale mail (worn)
 c - a +0 buckler (worn)
 e - a +0 pair of gloves (worn)
Jewellery
 l - a ring of resist corrosion (left hand)
 r - a ring of willpower (right hand)
Wands
 p - a wand of digging (2)
Scrolls
 j - a scroll of holy word
 k - a scroll of vulnerability
 m - a scroll of fear {unknown}
 n - a scroll of torment {unknown}
 s - a scroll of noise {unknown}
 t - a scroll of enchant armour {unknown}
Potions
 d - 2 potions of might
 f - 3 potions of lignification
 g - 3 potions of magic
 i - 5 potions of curing
 o - a potion of brilliance {unknown}
 q - a potion of berserk rage {unknown}


   Skills:
 + Level 3.8 Fighting
 + Level 3.4 Long Blades
 + Level 3.4 Armour
 + Level 2.8 Dodging
 + Level 3.8 Shields


You had 5 spell levels left.
You didn't know any spells.
Your spell library was empty.

Dungeon Overview and Level Annotations

Branches:
Dungeon (5/15)             Temple (1/1) D:4

Altars:
Ashenzari
Cheibriados
Dithmenos
Elyvilon
Fedhas
Gozag
Okawaru
Qazlal
Ru
Sif Muna
Uskayaw
Wu Jian
Yredelemnul


Innate Abilities, Weirdness & Mutations

You do not regenerate when monsters are visible.
You are frail without blood (-20% HP).
You can heal yourself when you bite living creatures.
You are immune to poison.
You have razor-sharp teeth.
You have supernaturally acute eyesight. (SInv)
You are afflicted with vampirism and can become a bat while bloodless.


Message History

* * * LOW HITPOINT WARNING * * *
You hit the water moccasin zombie.
The water moccasin zombie is heavily damaged.
The water moccasin zombie closely misses you.
The water moccasin zombie barely misses you.
The ogre shouts!
You hit the water moccasin zombie but do no damage.
The water moccasin zombie is heavily damaged.
The water moccasin zombie closely misses you.
You hit the water moccasin zombie.
The water moccasin zombie is severely damaged.
The water moccasin zombie bites you but does no damage.
The water moccasin zombie bites you.
* * * LOW HITPOINT WARNING * * *
You barely miss the water moccasin zombie.
Your bite misses the water moccasin zombie.
The water moccasin zombie is severely damaged.
The water moccasin zombie bites you but does no damage.
You barely miss the water moccasin zombie.
The water moccasin zombie is severely damaged.
The water moccasin zombie barely misses you.
The water moccasin zombie bites you.
* * * LOW HITPOINT WARNING * * *
You closely miss the water moccasin zombie.
The water moccasin zombie is severely damaged.
The water moccasin zombie bites you but does no damage.
You hit the water moccasin zombie.
The water moccasin zombie is severely damaged.
The water moccasin zombie bites you but does no damage.
You block the ogre's attack.
The water moccasin zombie barely misses you.
You slash the water moccasin zombie!
The water moccasin zombie is almost destroyed.
The ogre closely misses you.
The water moccasin zombie bites you but does no damage.
You barely miss the water moccasin zombie.
The water moccasin zombie is almost destroyed.
The water moccasin zombie closely misses you.
The ogre hits you with a +0 giant club!!
You die...

#...<.........#
##............#
#.##.........#
...
#.........###
##
#...........##
#.........#..##
#.........)≈.≈#
##....O...≈≈≈≈#
##...@Z.)≈_≈.#
######.≈≈.≈.#
#)).≈..#
#....### #....#
#....# .$...#
#....# #....#


You could see an ogre and a water moccasin zombie.

Vanquished Creatures
  A bullfrog zombie (D:5)
  A jelly (D:4)
  An orc priest (D:5)
  2 hounds (D:4)
  An iguana (D:5)
  An orc wizard (D:4)
  7 adders
  A dart slug (D:3)
  A worm (D:2)
  7 orcs
  5 ball pythons
  4 endoplasms
  2 giant cockroaches
  16 goblins
  7 hobgoblins
  8 jackals
  4 kobolds
  4 quokkas
  4 bats
  3 frilled lizards
  8 rats
88 creatures vanquished.

Vanquished Creatures (others)
  7 withered plants (D:5)
7 creatures vanquished.

Grand Total: 95 creatures vanquished

Notes
Turn   | Place    | Note
-------+----------+-------------------------------------------
     0 | D:1      | siradein the Vampire Fighter began the quest for the Orb.
     0 | D:1      | Reached XP level 1. HP: 17/17 MP: 1/1
   112 | D:1      | Reached XP level 2. HP: 22/23 MP: 2/2
   168 | D:1      | Found a faded altar of an unknown god.
   512 | D:1      | Gained mutation: You are afflicted with vampirism and can
                  | become a bat while bloodless. [Vampire growth]
   512 | D:1      | Reached XP level 3. HP: 22/22 MP: 3/3
   578 | D:1      | Reached skill level 1 in Dodging
  1432 | D:2      | Found a basalt altar of Yredelemnul.
  1612 | D:3      | Found an iron altar of Okawaru.
  2266 | D:3      | Reached XP level 4. HP: 26/28 MP: 4/4
  2299 | D:3      | Found an opulent altar of Gozag.
  3208 | D:4      | Reached XP level 5. HP: 22/32 MP: 5/5
  4238 | D:4      | Reached XP level 6. HP: 22/37 MP: 6/6
  4366 | D:4      | Found a staircase to the Ecumenical Temple.
  4420 | Temple   | Entered the Ecumenical Temple
  4701 | D:5      | Entered Level 5 of the Dungeon
  4908 | D:5      | Found a blossoming altar of Fedhas.
  5060 | D:5      | HP: 1/38 [water moccasin zombie (2)]
  5064 | D:5      | Demolished by an ogre

Illustrated notes

Levels and vault maps discovered:
D:1:      kennysheep_arrival_forest, layout_basic, ebering_ecumenical_altar_mist
D:2:      layout_basic, basic_altar
D:3:      cheibrodos_greedy_goblins, layout_rooms, mainiacjoe_overflow_paths,
          okawaru_metal_pillars_3
D:4:      layout_rooms, minmay_temple_entry_wispy, grunt_ministairs_8
D:5:      layout_rooms, old_standard_altar, fedhas_altar_2,
          amcnicky_altar_gilded, serial_undead, serial_undead_d,
          serial_undead_b, serial_undead_b, serial_undead_f
Temple:   compressed_dpeg_circular_temple

Skill      XL: |  1  2  3  4  5 |
---------------+----------------+-----
Fighting       | 3 |  3.8
Dodging        | 1 2 |  2.8
Shields        | 3 |  3.8
Armour         | 3 |  3.4
Long Blades    | 3 |  3.4

Action                   |  1- 3 |  4- 6 || total
-------------------------+-------+-------++-------
Melee: Long sword        |   147 |   209 ||   356
       Bite              |     7 |     8 ||    15
 Abil: Exsanguinate      |     1 |       ||     1
  Use: Scroll            |       |     5 ||     5
 Stab: Sleeping          |     2 |     6 ||     8
Armor: Scale mail        |    80 |    78 ||   158
Dodge: Dodged            |    79 |   107 ||   186
Block: Buckler           |    35 |    57 ||    92

Table legend: (Time is in decaauts)
 A = Elapsed time spent in this place.
 B = Non-inter-level travel time spent in this place.
 C = Inter-level travel time spent in this place.
 D = Time resting spent in this place.
 E = Time spent auto-exploring this place.
 F = Levels seen in this place.
 G = Mean time per level.
                   A        B        C        D        E       F      G
               +--------+--------+--------+--------+--------+-----+--------+
         Total |   5177 |   5110 |     67 |    633 |   3557 |   6 |  862.8 |
       Dungeon |   5052 |   4985 |     67 |    633 |   3476 |   5 | 1010.4 |
        Temple |    124 |    124 |      0 |      0 |     81 |   1 |  124.0 |
               +--------+--------+--------+--------+--------+-----+--------+

Top non-repeatable levels by time:
     D:3: 1452 daAuts
     D:4: 1400 daAuts
     D:2: 1003 daAuts
     D:1: 821 daAuts
     D:5: 374 daAuts
  Temple: 124 daAuts
